 Dungeon Crawl Stone Soup version 0.22.1-6-g1668fe2 (webtiles) character file.

2709 doot the Grappler (level 9, -1/74 HPs)
             Began as a Ghoul Monk on Jan 24, 2019.
             Was a High Priest of Yredelemnul.
             Slain by a yak (15 damage)
             ... on level 8 of the Dungeon.
             The game lasted 00:19:04 (6739 turns).

doot the Grappler (Ghoul Monk)                      Turns: 6739, Time: 00:19:05

Health: -1/74      AC:  3    Str: 16    XL:     9   Next: 66%
Magic:  10/10      EV: 15    Int:  5    God:    Yredelemnul [*****.]
Gold:   322        SH:  0    Dex: 13    Spells: 8/8 levels left

rFire    + . .     SeeInvis .     - Unarmed
rCold    . . .     Gourm    .   (no shield)
rNeg     + + +     Faith    +   e - +0 robe (curse)
rPois    ∞         Spirit   .   J - +0 helmet
rElec    .         Reflect  .   C - scarf {repulsion}
rCorr    .         Harm     .   (no gloves)
MR       .....                  (no boots)
Stlth    +++.......             t - amulet of faith
HPRegen  0.00/turn              y - ring of fire
MPRegen  0.12/turn              (no ring)

@: rotting, repel missiles
A: rotting body, claws 1, carnivore, cold resistance 1, negative energy
resistance 3, inhibited regeneration, torment resistance, unbreathing
a: Recall Undead Slaves, Injury Mirror, Animate Dead, Drain Life, Enslave Soul,
Renounce Religion


You were on level 8 of the Dungeon.
You worshipped Yredelemnul.
Yredelemnul was extremely pleased with you.
You were not hungry.

You visited 2 branches of the dungeon, and saw 9 of its levels.

You collected 482 gold pieces.
You spent 160 gold pieces at shops.

Inventory:

Hand Weapons
 b - the +11 shortbow of Xom's Delight {venom, MP+9 Int+4 Dex-5}
   (You bought it in a shop on level 6 of the Dungeon)

   It poisons the ammo it fires.
   It affects your intelligence (+4).
   It affects your dexterity (-5).
   It affects your magic capacity (+9).
Missiles
 w - 10 javelins (quivered)
 H - 81 arrows
Armour
 a - a +0 robe
 e - a cursed +0 robe (worn)
 C - a scarf of repulsion (worn)
 J - a +0 helmet (worn)
Jewellery
 g - an uncursed amulet of regeneration
 t - an amulet of faith (around neck)
 y - a ring of fire (left claw)
 D - a cursed amulet of inaccuracy {unknown}
 E - an uncursed ring of protection from cold {unknown}
 I - an uncursed ring of see invisible {unknown}
Wands
 q - a wand of polymorph (26)
 M - a wand of scattershot (6)
Scrolls
 c - 7 scrolls of identify {unknown}
 d - 3 scrolls of amnesia {unknown}
 h - 3 scrolls of fear {unknown}
 l - 4 scrolls of teleportation {unknown}
 n - 2 scrolls of enchant weapon {unknown}
 u - 5 scrolls of remove curse {unknown}
 v - a scroll of fog {unknown}
 A - 2 scrolls of immolation {unknown}
 B - a scroll of magic mapping {unknown}
 F - 2 scrolls of random uselessness {unknown}
 K - a scroll of enchant armour {unknown}
 L - a scroll of blinking {unknown}
Potions
 f - 2 potions of brilliance
 i - 8 potions of curing
 j - 3 potions of haste {unknown}
 k - 3 potions of might {unknown}
 m - 2 potions of berserk rage
 o - a potion of ambrosia
 p - a potion of mutation {unknown}
 r - a potion of flight {unknown}
 s - 2 potions of heal wounds {unknown}
 x - a potion of lignification {unknown}
 z - a potion of agility {unknown}
Comestibles
 G - 13 rations
 N - a chunk of flesh


   Skills:
 + Level 5.1 Fighting
 * Level 5.1 Bows
 + Level 5.5 Dodging
 + Level 5.9 Stealth
 + Level 8.9 Unarmed Combat
 + Level 3.3 Invocations


You had 8 spell levels left.
You didn't know any spells.
Your spell library was empty.

Dungeon Overview and Level Annotations

Branches:
Dungeon (8/15)             Temple (1/1) D:4
   Lair: D:8-11

Altars:
Dithmenos
Fedhas
Hepliaklqana
Kikubaaqudgha
Makhleb
Qazlal
Uskayaw
Yredelemnul
Zin
The Shining One

Shops:
D:6 (   D:7 [[((*

Annotations:
D:6 Grinder


Innate Abilities, Weirdness & Mutations

Your body is rotting away.
You thrive on raw meat.
You are immune to poison.
You have sharp fingernails.
You are carnivorous and can eat meat at any time.
Your flesh is cold resistant. (rC+)
You are immune to negative energy. (rN+++)
You do not regenerate when monsters are visible.
You are immune to unholy pain and torment.
You can survive without breathing.


Message History

Yredelemnul accepts your kill. Yredelemnul accepts your kill.
You feel a bit more experienced.
Something unseen opens the door.
The yak gores you but does no damage.
The yak barely misses your gnoll zombie.
Your gnoll zombie hits the kobold with a whip.
Something hits the kobold!
The kobold dies!
Yredelemnul accepts your kill.
Something barely misses your gnoll zombie.
The yak gores your gnoll zombie!
Your gnoll zombie is destroyed!
Something gores your gnoll zombie!
Your gnoll zombie is destroyed!
Eat a chunk of flesh? (ye/n/q)
Okay, then.
Okay, then.
You fail to use your ability.
The yak gores you!
You die...
Yredelemnul claims you as an undead slave.

#........K.>(.K(........
#.......##Y####Kh.####..
.######....K..K## #...# ##
......[(###.....#.....$.
........#_#YKY..#........
........#'#.....#........#
................#........#
######.....YY...#
.###....####@..###
...........#....#
...........#....#
...........#....#
...........#....#
####.##ZM.###...##
##.##.##..M# #####
+..........# #.....Z....#


You could see 5 yaks and 3 kobolds.

Vanquished Creatures
  Prince Ribbit (D:4)
  A hippogriff (D:7)
  A wyvern (D:8)
  A water moccasin (D:6)
  An ice beast (D:8)
  A necrophage (D:6)
  2 ogres (D:5)
  A centaur (D:8)
  A bullfrog (D:6)
  A water moccasin zombie (D:7)
  A wyvern skeleton (D:7)
  3 scorpions
  3 howler monkeys
  A crimson imp (D:8)
  5 hounds
  A jelly (D:8)
  5 orc wizards (D:4)
  2 orc priests
  2 bullfrog skeletons (D:8)
  Natasha (thrice) (D:3)
  4 worker ants
  A hound skeleton (D:8)
  2 worker ant zombies
  7 gnolls
  A howler monkey skeleton (D:4)
  8 adders
  2 shadow imps
  2 worms
  2 dart slugs
  5 leopard geckos
  16 orcs
  7 bats
  6 giant cockroaches
  10 goblins
  7 hobgoblins
  A jackal (D:8)
  4 quokkas
  A ball python (D:2)
  4 frilled lizards
  8 kobolds
  9 rats
144 creatures vanquished.

Vanquished Creatures (collateral kills)
  Eustachio (D:6)
  An ogre (D:8)
  A big kobold (D:8)
  A bullfrog zombie (D:5)
  An orc wizard (D:4)
  An orc priest (D:4)
  An iguana (D:5)
  2 worker ants
  A worker ant zombie (D:8)
  A gnoll (D:6)
  An adder (D:5)
  5 orcs
  A giant cockroach (D:4)
  A jackal (D:8)
  6 kobolds (D:8)
25 creatures vanquished.

Vanquished Creatures (others)
  2 hound zombies (D:4)
  2 mummies
  8 orc zombies
  2 gnoll zombies (D:8)
14 creatures vanquished.

Grand Total: 183 creatures vanquished

Notes
Turn   | Place    | Note
-------+----------+-------------------------------------------
     0 | D:1      | doot the Ghoul Monk began the quest for the Orb.
     0 | D:1      | Reached XP level 1. HP: 19/19 MP: 0/0
   136 | D:1      | Reached XP level 2. HP: 22/25 MP: 1/1
   617 | D:2      | Found a basalt altar of Yredelemnul.
   630 | D:2      | Reached XP level 3. HP: 20/32 MP: 2/2
   646 | D:2      | Became a worshipper of Yredelemnul the Dark
   646 | D:2      | Reached * piety under Yredelemnul
   646 | D:2      | Reached ** piety under Yredelemnul
   955 | D:2      | Reached skill level 4 in Unarmed Combat
  1028 | D:2      | Reached XP level 4. HP: 40/40 MP: 3/3
  1393 | D:3      | Noticed Natasha
  1401 | D:3      | Killed Natasha
  1444 | D:3      | Reached XP level 5. HP: 43/46 MP: 4/4
  1496 | D:3      | Noticed Natasha
  1512 | D:3      | Killed Natasha
  1601 | D:3      | Noticed Natasha
  1629 | D:3      | Killed Natasha
  1899 | D:3      | Reached *** piety under Yredelemnul
  1934 | D:3      | Reached skill level 5 in Unarmed Combat
  2133 | D:4      | Found a staircase to the Ecumenical Temple.
  2140 | D:4      | Reached XP level 6. HP: 48/52 MP: 5/5
  2195 | D:4      | HP: 2/52 [orc wizard/magic dart (7)]
  2215 | Temple   | Entered the Ecumenical Temple
  2698 | D:4      | Reached skill level 6 in Unarmed Combat
  2698 | D:4      | Reached XP level 7. HP: 19/58 MP: 6/6
  2742 | D:4      | Found a blossoming altar of Fedhas.
  3185 | D:4      | Reached skill level 5 in Stealth
  3390 | D:4      | Received a gift from Yredelemnul (a wight)
  3551 | D:4      | Reached skill level 1 in Invocations
  3590 | D:4      | Received a gift from Yredelemnul (a mummy)
  3799 | D:5      | Entered Level 5 of the Dungeon
  3809 | D:5      | Noticed Prince Ribbit
  4064 | D:4      | Killed Prince Ribbit
  4064 | D:4      | Reached skill level 7 in Unarmed Combat
  4064 | D:4      | Reached XP level 8. HP: 21/66 MP: 6/8
  5136 | D:6      | Reached skill level 5 in Dodging
  5208 | D:6      | Reached **** piety under Yredelemnul
  5208 | D:6      | Reached skill level 8 in Unarmed Combat
  5215 | D:6      | Found Ruemeyf's Antique Weapon Emporium.
  5223 | D:6      | Bought an ebony shortbow for 160 gold pieces
  5223 | D:6      | Identified the +11 shortbow of Xom's Delight {venom, MP+9
                  | Int+4 Dex-5} (You bought it in a shop on level 6 of the
                  | Dungeon)
  5239 | D:6      | Found an ancient bone altar of Kikubaaqudgha.
  5501 | D:6      | Reached skill level 1 in Bows
  5564 | D:6      | Found a shadowy altar of Dithmenos.
  5565 | D:6      | Noticed Grinder
  5594 | D:6      | Noticed Eustachio
  5605 | D:6      | Killed Eustachio
  5718 | D:6      | Reached XP level 9. HP: 72/72 MP: 9/10
  5808 | D:6      | Found a burning altar of Makhleb.
  5811 | D:6      | Found a glowing golden altar of the Shining One.
  5814 | D:6      | Found a hide-covered altar of Uskayaw.
  6006 | D:7      | Found Vitoe's Weapon Shoppe.
  6009 | D:7      | Found Nuecvuv's General Store.
  6050 | D:7      | Found Beuhij's Antique Weapon Boutique.
  6074 | D:7      | Found Jauxe's Armour Boutique.
  6170 | D:7      | Reached skill level 5 in Fighting
  6176 | D:7      | Found Ohiemmuah's Armour Shoppe.
  6250 | D:7      | Found a stormy altar of Qazlal.
  6532 | D:8      | Found Qaoschesh's General Store.
  6591 | D:8      | Received a gift from Yredelemnul (a mummy)
  6660 | D:8      | Found a glowing silver altar of Zin.
  6709 | D:8      | Reached skill level 5 in Bows
  6710 | D:8      | Received a gift from Yredelemnul (a mummy)
  6716 | D:8      | Reached ***** piety under Yredelemnul
  6739 | D:8      | Slain by a yak

Skill      XL: |  1  2  3  4  5  6  7  8  9 |
---------------+----------------------------+-----
Dodging        | 3 4 5 |  5.5
Stealth        | 3 4 5 |  5.9
Unarmed Combat | 4 5 6 7 8 |  8.9
Fighting       | 4 5 |  5.1
Invocations    | 1 2 3 |  3.3
Bows           | 2 5 |  5.1

Action                   |  1- 3 |  4- 6 |  7- 9 || total
-------------------------+-------+-------+-------++-------
Melee: Unarmed           |    78 |   180 |   165 ||   423
       Punch             |     1 |     1 |     9 ||    11
 Fire: Shortbow          |       |       |    66 ||    66
Invok: Animate Dead      |       |     3 |    12 ||    15
       Injury Mirror     |       |       |     1 ||     1
       Recall Undead Sla |       |       |     1 ||     1
  Use: Potion            |       |       |     3 ||     3
 Stab: Sleeping          |    10 |    13 |     4 ||    27
       Distracted        |       |       |     1 ||     1
  Eat: Chunk             |     5 |     6 |    16 ||    27
Armor: Robe              |    13 |    19 |    22 ||    54
Dodge: Dodged            |    53 |    97 |   112 ||   262
